 Dungeon Crawl Stone Soup version 0.31-a0-960-g0fca184906 (webtiles) character file.

Game seed: 13101516827239071671

2004 mopl the Insei (level 9, -8/59 HPs)
             Began as an Octopode Shapeshifter on Oct 21, 2023.
             Was a Priest of Uskayaw.
             Mangled by an ice beast (11 damage)
             ... on level 6 of the Dungeon on Oct 22, 2023.
             The game lasted 00:07:20 (4602 turns).

mopl the Insei (Octopode Shapeshifter)              Turns: 4602, Time: 00:07:22

Health: -8/59      AC:  1    Str: 14    XL:     9   Next: 22%
Magic:  11/11      EV: 15    Int: 12    God:    Uskayaw [***...]
Gold:   270        SH:  0    Dex: 15    Spells: 6/8 levels left

rFire   . . .        p - +2 spear (venom)
rCold   . . .        (no shield)
rNeg    + . .        (helmet currently unavailable)
rPois   .            (no amulet)
rElec   .            z - ring of positive energy
rCorr   .            (no ring)
SInv    .            (no ring)
Will    .....        (no ring)
Stlth   ++           (no ring)
HPRegen 0.29/turn    (no ring)
MPRegen 0.12/turn    (no ring)
                     (no ring)

%: no passive effects
@: beast-form
A: beast (slay +3), almost no armour, amphibious, 8 rings, camouflage 1,
gelatinous body 1, (nimble swimmer 1), tentacles
a: Begin Untransformation, Renounce Religion, Stomp, Line Pass


You were on level 6 of the Dungeon.
You worshipped Uskayaw.
Uskayaw was noncommittal.
You were a hulking beast.
You visited 1 branch of the dungeon, and saw 6 of its levels.

You collected 270 gold pieces.

Inventory:

Hand Weapons
 h - a +0 whip of electrocution
 m - a +2 dagger of venom
 p - a +2 spear of venom (weapon)
Missiles
 l - 10 poisoned darts (quivered)
 r - 2 curare-tipped darts
 s - 2 boomerangs
 t - 5 atropa-tipped darts
Jewellery
 z - a ring of positive energy (left tentacle)
Talismans
 b - a beast talisman
 c - a flux talisman
Wands
 u - a wand of charming (6)
 y - a wand of iceblast (13)
 A - a wand of polymorph (7)
Scrolls
 d - a scroll of summoning {unknown}
 f - 2 scrolls of vulnerability {unknown}
 g - 2 scrolls of identify {unknown}
 j - 3 scrolls of enchant weapon {unknown}
 k - 4 scrolls of teleportation {unknown}
 q - a scroll of fear {unknown}
 w - a scroll of immolation {unknown}
 x - a scroll of torment {unknown}
 B - a scroll of brand weapon {unknown}
Potions
 a - a potion of lignification {!q}
 e - 3 potions of heal wounds {unknown}
 i - 2 potions of brilliance {unknown}
 n - 3 potions of might {unknown}
 o - 4 potions of curing {unknown}
 v - a potion of mutation {unknown}


   Skills:
 + Level 4.3 Fighting
 + Level 3.5 Throwing
 + Level 4.7 Dodging
 * Level 6.9 Unarmed Combat
 + Level 2.8 Invocations
 * Level 6.4 Shapeshifting


You had 6 spell levels left.
You knew the following spells:

 Your Spells              Type           Power      Damage    Failure   Level
e - Blink                 Tloc           0%         N/A       45%         2

Your spell library contained the following spells:

 Spells                   Type           Power      Damage    Failure   Level
 Freeze                   Ice            0%         1d3       32%         1
 Sting                    Tmut/Pois      0%         1d3       32%         1
 Ensorcelled Hibernation  Hex/Ice        0%         N/A       45%         2
 Jinxbite                 Hex            0%         N/A       45%         2
 Lesser Beckoning         Tloc           0%         N/A       45%         2
 Momentum Strike          Conj/Tloc      0%         3d8       45%         2
 Sublimation of Blood     Necr           0%         N/A       45%         2
 Wereblood                Tmut           0%         N/A       45%         2
 Frozen Ramparts          Ice            0%         1d1       69%         3
 Gell's Gravitas          Tloc           0%         N/A       69%         3
 Hailstorm                Conj/Ice       0%         3d3       69%         3
 Teleport Other           Tloc           0%         N/A       69%         3
 Anguish                  Hex/Necr       0%         N/A       97%         4
 Cause Fear               Hex            0%         N/A       97%         4
 Metabolic Englaciation   Hex/Ice        0%         N/A       100%        5
 Silence                  Hex/Air        0%         N/A       100%        5
 Summon Hydra             Summ           0%         N/A       100%        7


Dungeon Overview and Level Annotations

Branches:
Dungeon (6/15)             Temple (0/1) D:5

Altars:
Cheibriados
Uskayaw

Shops:
D:1 :


Innate Abilities, Weirdness & Mutations

You are a hulking beast.
Your limbs bulge with bestial killing power. (Slay +3)
You cannot wear most types of armour.
You are amphibious.
You can wear up to eight rings at the same time.
Your skin changes colour to match your surroundings (Stealth+).
Your rubbery body absorbs attacks. (AC +1, EV +1)
((You are camouflaged when in or above water. (Stealth+)))
You have tentacles for arms and can constrict up to eight enemies at once.


Message History

You reach to attack!
The helpless gnoll fails to defend itself.
You puncture the gnoll!
The gnoll looks as sick as possible!
The gnoll is severely wounded.
The gnoll is no longer paralysed.
The gnoll hits you from afar with a +0 spear.
You are too injured to fight recklessly!
You are too injured to fight recklessly!
You are too injured to fight recklessly!
Reach: p) +2 spear (venom)
Press: ? - help, Dir - move target, f/p - gnoll
Aim: a gnoll, wielding a +0 spear (almost dead, extremely poisoned, about 28% to evade your +2 spear of venom)
You reach to attack!
You hit the gnoll.
The gnoll looks as sick as possible!
The gnoll is almost dead.
You kill the gnoll!
An ice beast comes into view.
You are too injured to fight recklessly!
Throw: 11 darts (poison)
Press: ? - help, Q - select action, (/) - cycle Shift-Dir - straight line, f - ice beast
Aim: an ice beast (wandering, hasn't noticed you, 64% to hit)
You throw a poisoned dart. The poisoned dart hits the ice beast!
Reach: p) +2 spear (venom)
Press: ? - help, Dir - move target, f/p - ice beast
Aim: an ice beast (about 31% to evade your +2 spear of venom)
You reach to attack!
You hit the ice beast.
The ice beast is lightly wounded.
You closely miss the ice beast.
The ice beast is lightly wounded.
The ice beast hits you. The ice beast freezes you!
You closely miss the ice beast.
The ice beast is lightly wounded.
The ice beast misses you.
You hit the ice beast.
The ice beast is moderately wounded.
The ice beast hits you. The ice beast freezes you!
* * * LOW HITPOINT WARNING * * *
The ice beast hits you.
* * * LOW HITPOINT WARNING * * *
The ice beast freezes you!
You die...

########.#.####
# #........# #
#.######.# #
#.# # #########
# #.# ........#
# #.#
#######.###
#.######
........<..
#......#
#######.##.
######h#
##...#. #Y#
#..#... ).)
#.###.. (....
#..#... ###..##
####...#. #...
...........
#.##
########.#. #.#
#.#) #.#.


You could see an ice beast.

Vanquished Creatures
  Pikel (D:5)
  Sigmund (D:2)
  Eustachio (D:6)
  A water moccasin (D:4)
  Duvessa (D:5)
  An ice beast (D:5)
  An orc warrior (D:6)
  An ogre (D:4)
  A black bear (D:6)
  3 lemures (D:5)
  Blork the orc (D:5)
  A scorpion (D:4)
  Dowan (D:5)
  3 orc priests
  A hound (D:5)
  A gnoll bouda (D:5)
  Jessica (D:2)
  An iguana (D:4)
  Ijyb (D:5)
  Terence (D:3)
  12 gnolls
  6 adders
  3 shadow imps (D:5)
  A white imp (D:6)
  2 dart slugs (D:4)
  13 orcs
  4 bats
  4 endoplasms
  A giant cockroach (D:3)
  9 goblins
  7 hobgoblins
  5 quokkas
  9 ball pythons
  3 frilled lizards
  8 kobolds
  5 rats
116 creatures vanquished.

Notes
Turn   | Place    | Note
-------+----------+-------------------------------------------
     0 | D:1      | mopl the Octopode Shapeshifter began the quest for the Orb.
     0 | D:1      | Reached XP level 1. HP: 13/13 MP: 1/1
    56 | D:1      | Found Kucing's Vocational Training.
   165 | D:1      | Reached XP level 2. HP: 15/18 MP: 2/2
   592 | D:2      | Noticed Jessica
   600 | D:2      | Killed Jessica
   601 | D:2      | Reached XP level 3. HP: 19/23 MP: 3/3
   634 | D:2      | Noticed Sigmund
   645 | D:2      | Killed Sigmund
   646 | D:2      | Reached skill level 2 in Fighting
   646 | D:2      | Reached skill level 3 in Dodging
   646 | D:2      | Reached skill level 4 in Unarmed Combat
   646 | D:2      | Reached skill level 4 in Shapeshifting
   646 | D:2      | Reached XP level 4. HP: 12/29 MP: 4/4
   646 | D:2      | Reached XP level 5. HP: 14/34 MP: 5/5
   869 | D:2      | Reached XP level 6. HP: 35/40 MP: 6/6
  1162 | D:3      | Identified the "Xuufeoce"
  1214 | D:3      | Noticed Terence
  1220 | D:3      | Killed Terence
  1962 | D:4      | Reached skill level 1 in Throwing
  1975 | D:4      | Reached skill level 5 in Unarmed Combat
  1975 | D:4      | Reached XP level 7. HP: 42/45 MP: 7/7
  2168 | D:4      | Reached skill level 3 in Fighting
  2429 | D:4      | Reached skill level 5 in Shapeshifting
  2460 | D:5      | Entered Level 5 of the Dungeon
  2460 | D:5      | Found a snail-covered altar of Cheibriados.
  2552 | D:5      | Upgraded the game from 0.31-a0-948-gf5be29c462 to
                  | 0.31-a0-960-g0fca184906
  2676 | D:5      | Reached skill level 2 in Throwing
  2682 | D:5      | Found a transporter.
  2698 | D:5      | Found a transporter.
  2729 | D:5      | Found a hide-covered altar of Uskayaw.
  2737 | D:5      | Became a worshipper of Uskayaw the Reveller
  2765 | D:5      | Reached * piety under Uskayaw
  2770 | D:5      | Reached ** piety under Uskayaw
  2886 | D:5      | Reached *** piety under Uskayaw
  3048 | D:5      | Noticed Blork the orc
  3055 | D:5      | Killed Blork the orc
  3056 | D:5      | Reached XP level 8. HP: 28/52 MP: 8/8
  3225 | D:5      | Reached skill level 1 in Invocations
  3474 | D:5      | Noticed Ijyb
  3484 | D:5      | Killed Ijyb
  3485 | D:5      | Reached skill level 4 in Dodging
  3630 | D:5      | Found a staircase to the Ecumenical Temple.
  3661 | D:5      | Noticed Duvessa
  3661 | D:5      | Noticed Dowan
  3686 | D:5      | Killed Dowan
  3777 | D:5      | Killed Duvessa
  3778 | D:5      | Reached skill level 6 in Unarmed Combat
  3922 | D:5      | Noticed Pikel
  4004 | D:5      | Killed Pikel
  4005 | D:5      | Reached skill level 4 in Fighting
  4005 | D:5      | Reached skill level 3 in Throwing
  4005 | D:5      | Reached skill level 2 in Invocations
  4005 | D:5      | Reached skill level 6 in Shapeshifting
  4305 | D:6      | Reached XP level 9. HP: 32/58 MP: 10/10
  4476 | D:6      | Learned a level 2 spell: Blink
  4480 | D:6      | Noticed Eustachio
  4538 | D:6      | Killed Eustachio
  4602 | D:6      | Mangled by an ice beast

Illustrated notes

Levels and vault maps discovered:
D:1:      lemuel_arrival_hallway, layout_loops_ring, nicolae_shop_vocational
D:2:      layout_basic, uniq_sigmund, uniq_jessica
D:3:      layout_loops_ring, serial_forest, infiniplex_forest_end_2,
          infiniplex_forest_straight_2, infiniplex_forest_zigzag_1,
          infiniplex_forest_fountain, infiniplex_forest_clump_small,
          uniq_terence
D:4:      nicolae_BIG_FREAKIN_CUBE, layout_gridville, nrook_uturn
D:5:      gammafunk_wand_slinger, layout_gridville,
          mainiacjoe_overflow_catch_the_wave, temple_hall_moat, uniq_ijyb,
          uniq_duvessa, uniq_blork_the_orc, uniq_pikel
D:6:      layout_loops_ring, uniq_eustachio, uniq_grinder, uniq_edmund

Skill      XL: |  1  2  3  4  5  6  7  8 |
---------------+-------------------------+-----
Fighting       | 2 3 4 |  4.3
Dodging        | 3 4 |  4.7
Unarmed Combat | 4 5 6 |  6.9
Shapeshifting  | 4 5 6 |  6.4
Throwing       | 1 2 3 |  3.5
Invocations    | 2 |  2.8

Action                     |  1- 3 |  4- 6 |  7- 9 || total
---------------------------+-------+-------+-------++-------
  Melee: Unarmed           |    39 |    20 |     7 ||    66
         Constrict         |     9 |    20 |    25 ||    54
         Tentacles         |     6 |    18 |    21 ||    45
         Punch             |     1 |     4 |     6 ||    11
         Spear             |       |    35 |   160 ||   195
         Dagger            |       |    27 |       ||    27
  Throw: Dart              |       |       |     3 ||     3
  Evoke: Wand              |       |       |     1 ||     1
   Stab: Sleeping          |     2 |    10 |     3 ||    15
         Paralysed         |       |       |     3 ||     3
 Armour: Skin              |     9 |    21 |    59 ||    89
  Dodge: Dodged            |    20 |    33 |    79 ||   132

Table legend: (Time is in decaauts)
 A = Elapsed time spent in this place.
 B = Non-inter-level travel time spent in this place.
 C = Inter-level travel time spent in this place.
 D = Time resting spent in this place.
 E = Time spent auto-exploring this place.
 F = Levels seen in this place.
 G = Mean time per level.
                   A        B        C        D        E       F      G
               +--------+--------+--------+--------+--------+-----+--------+
         Total |   4617 |   4421 |    196 |    908 |   2547 |   6 |  769.5 |
       Dungeon |   4617 |   4421 |    196 |    908 |   2547 |   6 |  769.5 |
               +--------+--------+--------+--------+--------+-----+--------+

Top non-repeatable levels by time:
     D:5: 1911 daAuts
     D:3: 709 daAuts
     D:4: 645 daAuts
     D:2: 606 daAuts
     D:1: 551 daAuts
     D:6: 192 daAuts
